 Dungeon Crawl Stone Soup version 0.28-a0-984-g3775c662fe (webtiles) character file.

Game seed: 15645696454150331660

400 enile the Ducker (level 7, -2/52 HPs)
             Began as a Djinni Hedge Wizard on Dec 3, 2021.
             Was an Initiate of Gozag.
             Slain by a water moccasin (6 damage)
             ... on level 3 of the Dungeon.
             The game lasted 00:20:14 (6203 turns).

enile the Ducker (Djinni Hedge Wizard)              Turns: 6203, Time: 00:20:15

Health: -2/52      AC:  4    Str:  9    XL:     7   Next: 10%
Gold:   120        EV: 12    Int: 18    God:    Gozag SH:  0 Dex: 12

rFire   + + .      SeeInvis .   a - +1 dagger (vorpal)
rCold   x . .      Faith    .   (no shield)
rNeg    . . .      Spirit   .   e - +1 leather armour
rPois   ∞          Reflect  .   c - +0 hat
rElec   .          Harm     .   (no cloak)
rCorr   .          Rampage  .   (no gloves)
Will    .....                   (boots unavailable)
Stlth   ++........              (no amulet)
HPRegen 0.17/turn               (no ring)
MPRegen 0.00/turn               (no ring)

@: flying, hasted, very quick
A: sickness immunity, fire resistance 2, cold vulnerability 1, float, innate
caster, hp casting, extra vitality 1
a: Renounce Religion, Potion Petition, Call Merchant, Bribe Branch


You were on level 3 of the Dungeon.
You worshipped Gozag.
Gozag was aware of your devotion.
You visited 1 branch of the dungeon, and saw 5 of its levels.

You collected 420 gold pieces.
You paid 300 gold pieces to Gozag.

Inventory:

Hand Weapons
 a - a +1 vorpal dagger (weapon)
Missiles
 g - 4 javelins
 h - 2 throwing nets
Armour
 b - a +0 robe
 c - a +0 hat (worn)
 e - a +1 leather armour (worn)
Scrolls
 d - a scroll of magic mapping
 i - 4 scrolls of immolation
 j - 2 scrolls of identify


   Skills:
 - Level 4.0 Fighting
 - Level 1.0 Short Blades
 - Level 2.0 Armour
 - Level 4.0 Dodging
 + Level 2.7 Stealth
 - Level 3.0 Spellcasting


You couldn't memorise any spells.
You knew the following spells:

 Your Spells              Type           Power      Damage    Failure   Level
a - Magic Dart            Conj           52%        1d5       6%          1
b - Blink                 Tloc           26%        N/A       10%         2
c - Call Imp              Summ           13%        N/A       10%         2
d - Slow                  Hex            52%        N/A       6%          1
e - Conjure Flame         Conj/Fire      13%        6-21      19%         3
f - Mephitic Cloud        Conj/Pois/Air  13%        N/A       19%         3
g - Summon Small Mammal   Summ           52%        N/A       6%          1
h - Passwall              Tmut/Erth      10%        N/A       10%         2
i - Lesser Beckoning      Tloc           13%        N/A       19%         3
Your spell library was empty.

Dungeon Overview and Level Annotations

Branches:
Dungeon (5/15)
 Temple: D:4-7

Altars:
Gozag

Annotations:
D:5 Eustachio


Innate Abilities, Weirdness & Mutations

You are immune to sickness and miasma.
You are immune to poison.
Your flesh is very heat resistant. (rF++)
You are vulnerable to cold. (rC-)
You float through the air rather than walking.
You learn spells naturally, not from books.
Your magical power is your life essence.
You have superior vitality. (+4 HP)


Message History

The adder zombie closely misses you. The orc closely misses you.
The bullfrog zombie hits you. The adder zombie bites you.
The orc is distracted by your dazzling golden aura.
The bullfrog zombie hits you but does no damage.
The water moccasin zombie bites you but does no damage.
The centaur zombie hits you but does no damage.
The centaur zombie misses you.
A hound skeleton comes into view.
The water moccasin zombie closely misses you.
The bullfrog zombie hits you.
An orc comes into view. It is wielding a +0 flail.
The water moccasin zombie barely misses you.
The water moccasin zombie bites you.
* * * LOW HITPOINT WARNING * * *
The hound skeleton moves out of view.
You see here 5 gold pieces.
The orc shouts!
The hound skeleton is distracted by your dazzling golden aura.
There is a stone staircase leading up here.
Okay, then.
The hound skeleton is no longer distracted by gold.
The bullfrog zombie closely misses you. The endoplasm barely misses you.
You fly upwards.
The water moccasin closely misses you. x2
There is a stone staircase leading down here.
Cast which spell? (? or * to list)
Okay, then.
The water moccasin barely misses you. The water moccasin bites you.
* * * LOW HITPOINT WARNING * * *
The water moccasin bites you.
* * * LOW HITPOINT WARNING * * *
[a] - 300 gold - haste [b] - 116 gold - brilliance [c] - 700 gold - resistance, invisibility, heal wounds and berserk rage Purchase which effect?
You no longer have enough gold to petition Gozag for potion effects.
You feel yourself speed up. The water moccasin misses you.
The water moccasin bites you.
You die...
Your body crumbles into a pile of gold.

*..,*
#...#......###....#
*...* #...#......#
#....# *...##*
#....>.....# ######
.,,...#####...#.:...##
...,#.#.......#.....#
#...#........###.#..#
##.............J....#
..............##S##.#
.............###@##.#
..#.?........# #.##.#
*,#..........# #.##.#
*....$......####[##.####
#......##........##....#
#......*#........##....#
#......##....[...##....#
,,.....................#
***#..####.###.........#


You could see a water moccasin and an endoplasm.

Vanquished Creatures
  A sky beast (D:5)
  A bullfrog zombie (D:5)
  A jelly (D:5)
  A bullfrog skeleton (D:5)
  An iguana (D:5)
  A hound skeleton (D:5)
  6 adders
  2 worms
  A dart slug (D:1)
  2 orcs
  2 bats
  3 endoplasms (D:1)
  A giant cockroach (D:1)
  2 goblins
  A hobgoblin (D:3)
  6 kobolds
  3 ball pythons
  5 frilled lizards
  5 rats
45 creatures vanquished.

Vanquished Creatures (collateral kills)
  A jelly (D:4)
  A bullfrog skeleton (D:5)
  An adder (D:3)
  An adder skeleton (D:4)
  A worm (D:2)
  A dart slug (D:2)
  An endoplasm (D:1)
  2 giant cockroaches (D:1)
  A quokka (D:1)
  A ball python (D:3)
  A frilled lizard (D:1)
12 creatures vanquished.

Vanquished Creatures (others)
  A withered plant (D:4)
1 creature vanquished.

Grand Total: 58 creatures vanquished

Notes
Turn   | Place    | Note
-------+----------+-------------------------------------------
     0 | D:1      | enile the Djinni Hedge Wizard began the quest for the Orb.
     0 | D:1      | Reached XP level 1. HP: 15/15 MP: 0/0
    59 | D:1      | Found a faded altar of an unknown god.
   165 | D:1      | Prayed at the altar of an unknown god.
   165 | D:1      | Became a worshipper of Gozag Ym Sagoz the Greedy
   276 | D:1      | Reached skill level 1 in Fighting
   676 | D:1      | Reached XP level 2. HP: 17/22 MP: 0/0
  1568 | D:1      | Reached XP level 3. HP: 24/27 MP: 0/0
  1568 | D:1      | Learned a level 1 spell: Summon Small Mammal
  3018 | D:2      | Reached skill level 1 in Armour
  3018 | D:2      | Reached XP level 4. HP: 23/33 MP: 0/0
  3829 | D:3      | Noticed a water moccasin
  3865 | D:3      | HP: 1/33 [water moccasin (2)]
  4469 | D:4      | Reached XP level 5. HP: 29/40 MP: 0/0
  4469 | D:4      | Learned a level 2 spell: Passwall
  4588 | D:5      | Entered Level 5 of the Dungeon
  4935 | D:5      | Reached skill level 1 in Short Blades
  5083 | D:5      | Reached XP level 6. HP: 24/46 MP: 0/0
  5660 | D:5      | Noticed a sky beast
  5741 | D:5      | Killed a sky beast
  5742 | D:5      | Reached XP level 7. HP: 15/52 MP: 0/0
  5742 | D:5      | Learned a level 3 spell: Lesser Beckoning
  5760 | D:5      | Noticed Eustachio
  6203 | D:3      | Slain by a water moccasin

Illustrated notes

Levels and vault maps discovered:
D:1:      dpeg_arrival_rooms_b, layout_basic,
          hellmonk_ecumenical_altar_crossroads, hangedman_abyss_or_decor_stabs
D:2:      layout_basic
D:3:      layout_rooms
D:4:      nicolae_BIG_FREAKIN_CUBE, layout_loops_ring, serial_undead,
          serial_undead_d, serial_undead_b, serial_undead_b, serial_undead_d,
          serial_undead_d, serial_undead_f, serial_undead_c, serial_undead_e,
          st_stairs_1, uniq_crazy_yiuf_cottage, uniq_edmund
D:5:      layout_cave_pods, temple_green, uniq_eustachio

Skill      XL: |  1  2  3  4  5  6 |
---------------+-------------------+-----
Fighting       | 1 2 3 4 |  4.0
Spellcasting   | 3 |  3.0
Armour         | 1 2 |  2.0
Dodging        | 3 4 |  4.0
Stealth        | 2 |  2.7
Short Blades   | 1 |  1.0

Action                   |  1- 3 |  4- 6 |  7- 9 || total
-------------------------+-------+-------+-------++-------
Melee: Dagger            |    28 |    89 |     6 ||   123
 Cast: Magic Dart        |    64 |    36 |       ||   100
       Slow              |     5 |     6 |     1 ||    12
       Call Imp          |    14 |    23 |     2 ||    39
       Summon Small Mamm |     1 |     8 |       ||     9
       Blink             |       |     3 |       ||     3
       Passwall          |       |     1 |       ||     1
       Mephitic Cloud    |       |     1 |     4 ||     5
Invok: Potion Petition   |       |       |     1 ||     1
  Use: Scroll            |       |     5 |     1 ||     6
       Potion            |       |     3 |       ||     3
 Stab: Distracted        |       |     1 |       ||     1
       Confused          |       |       |     1 ||     1
Armor: Robe              |     4 |       |       ||     4
       Leather armour    |     7 |    27 |    25 ||    59
       Skin              |       |    25 |     5 ||    30
Dodge: Dodged            |    29 |    67 |    32 ||   128

Table legend: (Time is in decaauts)
 A = Elapsed time spent in this place.
 B = Non-inter-level travel time spent in this place.
 C = Inter-level travel time spent in this place.
 D = Time resting spent in this place.
 E = Time spent auto-exploring this place.
 F = Levels seen in this place.
 G = Mean time per level.
                   A        B        C        D        E       F      G
               +--------+--------+--------+--------+--------+-----+--------+
         Total |   6200 |   5960 |    240 |    935 |   3976 |   5 | 1240.0 |
       Dungeon |   6200 |   5960 |    240 |    935 |   3976 |   5 | 1240.0 |
               +--------+--------+--------+--------+--------+-----+--------+

Top non-repeatable levels by time:
     D:1: 2241 daAuts
     D:5: 1583 daAuts
     D:2: 1452 daAuts
     D:3: 702 daAuts
     D:4: 221 daAuts
